AoeStats
← Augustus Bombastus von Hohenheim

Arabia

510051560Analyzed
4v4 RM · 4d ago on Sep 29, 2026· 32m 22s· 8 players
Game mode
Random Map
Map size
Large (8 player)
Population
200
Speed
Normal
Resources
Standard
Victory
Conquest
Starting age
Dark Age
Ending age
Imperial Age
RankedLock teamsTeams togetherTeam positionsShared explorationLock speedFull tech treeHidden civsTurbo modeCheats
Victory
Defeat
🇹🇼 Varangians · Taiwan
1874
+7
🇦🇷 Saxons · Argentina
1576
+18
🇦🇷 Britons · Argentina
1547
+19
🇹🇼 Persians · Taiwan
1513
+22
1716
-20
🇧🇩 Persians · Bangladesh
1699
-19
🇨🇦 Ethiopians · Canada
1675
-18
🇨🇦 Muisca · Canada
1434
-9
Emily001
8:38 Feudal Age
7:56 Loom
9:22 Horse Collar
9:28 Double-Bit Axe
16:56 Forging
16:54 Scale Barding Armor
20:05 Forging
21:00 Bloodlines
25:29 Castle Age
26:34 Chain Barding Armor
25:46 Light Cavalry
26:21 Gold Mining
26:43 Bow Saw
28:10 Wheelbarrow
27:42 Husbandry
30:48 Iron Casting
小小小寬
8:46 Feudal Age
9:17 Double-Bit Axe
9:13 Horse Collar
11:07 Loom
14:00 Bloodlines
14:52 Scale Barding Armor
22:27 Castle Age
21:12 Forging
20:59 Gold Mining
22:59 Wheelbarrow
23:31 Chain Barding Armor
23:21 Bow Saw
22:34 Light Cavalry
23:21 Heavy Plow
26:43 Husbandry
31:09 Iron Casting
默默默默默
6:34 Loom
9:53 Feudal Age
10:38 Double-Bit Axe
13:38 Fletching
20:43 Gold Mining
24:15 Castle Age
23:05 Gold Mining
25:22 Bodkin Arrow
24:48 Crossbowman
25:34 Thumb Ring
25:31 Padded Archer Armor
28:38 Ballistics
29:12 Leather Archer Armor
30:29 Wheelbarrow
32:56 Gold Shaft Mining
amtiky
6:25 Loom
9:00 Feudal Age
11:53 Fletching
17:59 Padded Archer Armor
24:58 Castle Age
23:31 Gold Mining
23:27 Double-Bit Axe
23:33 Double-Bit Axe
24:15 Horse Collar
25:06 Crossbowman
25:42 Bodkin Arrow
26:13 Bodkin Arrow
28:30 Ballistics
29:53 Leather Archer Armor
TomRiddle
6:11 Loom
8:47 Feudal Age
9:33 Double-Bit Axe
11:03 Fletching
23:44 Castle Age
22:00 Double-Bit Axe
23:35 Horse Collar
23:45 Crossbowman
24:21 Bodkin Arrow
25:05 Bow Saw
26:22 Ballistics
31:42 Wheelbarrow
riduridu_
6:22 Loom
9:11 Feudal Age
11:57 Fletching
18:45 Padded Archer Armor
23:25 Castle Age
21:40 Double-Bit Axe
23:27 Crossbowman
24:03 Bodkin Arrow
24:06 Town Watch
24:44 Horse Collar
27:20 Ballistics
27:57 Thumb Ring
31:04 Leather Archer Armor
ThreeEyedRaven
6:06 Loom
8:12 Feudal Age
8:59 Double-Bit Axe
15:14 Scale Barding Armor
18:57 Forging
22:39 Horse Collar
24:45 Bloodlines
27:50 Castle Age
26:33 Bloodlines
27:56 Gold Mining
28:39 Chain Barding Armor
27:48 Light Cavalry
29:08 Husbandry
Augustus Bombastus von Hohenheim
5:56 Loom
8:24 Feudal Age
9:13 Double-Bit Axe
14:21 Scale Barding Armor
16:18 Forging
17:09 Wheelbarrow
20:49 Castle Age
19:26 Gold Mining
22:07 Chain Barding Armor
21:54 Husbandry
23:41 Town Watch
Connection lost

Rejoining the realm…

Still unreachable

The connection could not be restored.

Session expired

The server has moved on; the page needs a fresh start.